 Dungeon Crawl Stone Soup version 0.28-a0-1447-ga5a8893891 (webtiles) character file.

Game seed: 5881223902972760815

265443 a3don the Earth Mage (level 20, -6/116 HPs)
             Began as a Gargoyle Ice Elementalist on Apr 24, 2021.
             Was the Champion of Vehumet.
             Killed from afar by a hell hog (10 damage)
             ... with a fireball
             ... on level 3 of the Abyss on Jan 11, 2022.
             The game lasted 06:49:49 (64924 turns).

a3don the Earth Mage (Gargoyle Ice Elementalist)   Turns: 64924, Time: 06:49:50

Health: -6/116     AC: 33    Str: 12    XL:     20   Next: 7%
Magic:  34/44      EV: 12    Int: 25    God:    Vehumet [******]
Gold:   2994       SH:  7    Dex: 10    Spells: 1/42 levels left

rFire   . . .      SeeInvis .   b - staff of cold
rCold   + . .      Faith    .   N - +2 buckler
rNeg    + + .      Spirit   .   F - +3 acid dragon scales
rPois   ∞          Reflect  .   d - +2 helmet of Courage {rN+ rCorr}
rElec   +          Harm     .   L - scarf {repulsion}
rCorr   +          Rampage  .   p - +2 pair of gloves
Will    +....                   i - +2 pair of boots
Stlth   +.........              C - amulet of magic regeneration
HPRegen 0.29/turn               c - ring of wizardry
MPRegen 0.69/turn               u - ring of magical power

@: unable to drink, flying, repel missiles
A: sickness immunity, AC +15, big wings, negative energy resistance 1,
electricity resistance, torment resistance 1, petrification resistance, deformed
body, frail 1, [subdued magic 2]
}: 2/15 runes: decaying, serpentine
a: Renounce Religion


You were on level 3 of the Abyss.
You worshipped Vehumet.
Vehumet was exalted by your worship.
You visited 7 branches of the dungeon, and saw 35 of its levels.
You visited the Abyss 1 time.
You also visited: Ice Cave.

You collected 5520 gold pieces.
You spent 2526 gold pieces at shops.

Inventory:

Hand Weapons
 a - a +6 battleaxe of pain
 G - a +3 dire flail of freezing
 S - a +3 war axe of flaming
Missiles
 n - 604 stones (quivered)
Armour
 d - the +2 helmet of Courage (worn) {rN+ rCorr}
   (You found it on level 1 of the Snake Pit)

   rN:        It protects you from negative energy.
   rCorr:     It protects you from acid and corrosion.
 i - a +2 pair of boots (worn)
 k - a +2 robe of resistance
 o - the +0 cloak "Koimy" {Rampage Will- rCorr Slay+3}
   (You bought it in a shop on level 2 of the Orcish Mines)

   Slay:      It affects your accuracy & damage with ranged weapons and melee
   (+3).
   rCorr:     It protects you from acid and corrosion.
   Rampage:   It bestows one free step when moving towards enemies.
   Will:      It decreases your willpower.
 p - a +2 pair of gloves (worn)
 F - +3 acid dragon scales (worn)
 L - a scarf of repulsion (worn)
 N - a +2 buckler (worn)
Magical Staves
 b - a staff of cold (weapon)
 M - a staff of earth
Jewellery
 c - a ring of wizardry (left hand)
 f - an amulet of guardian spirit
 g - a ring of positive energy
 u - a ring of magical power (right hand)
 B - a ring of protection from fire
 C - an amulet of magic regeneration (around neck)
 D - a ring of resist corrosion
 H - a +4 ring of protection
 R - the ring of Qopiuv {rPois rC+ EV+4 Slay-6}
   (You found it on level 1 of the Lair of Beasts)

   [ring of evasion]

   EV:        It affects your evasion (+4).
   Slay:      It affects your accuracy & damage with ranged weapons and melee
   (-6).
   rC:        It protects you from cold.
   rPois:     It protects you from poison.
Wands
 l - a wand of iceblast (65)
 x - a wand of acid (17)
 z - a wand of mindburst (13)
 E - a wand of flame (100)
 P - a wand of digging (17)
 V - a wand of polymorph (7)
 W - a wand of paralysis (4)
Scrolls
 j - 6 scrolls of magic mapping
 q - 2 scrolls of brand weapon
 s - 8 scrolls of identify
 A - 7 scrolls of teleportation
 K - 3 scrolls of enchant weapon
 T - 3 scrolls of immolation
 U - 6 scrolls of fog
 Z - a scroll of summoning
Potions
 e - 8 potions of ambrosia
 h - 2 potions of haste
 m - 2 potions of invisibility
 r - 2 potions of berserk rage
 t - 2 potions of brilliance
 v - 4 potions of curing
 J - 4 potions of cancellation
 O - 4 potions of might
 X - 2 potions of heal wounds
Miscellaneous
 w - a piece from Xom's chessboard (15/15)
 I - a tin of tremorstones (2/2)


   Skills:
 + Level 15.2 Fighting
 - Level 5.0 Axes
 - Level 9.1 Armour
 - Level 5.0 Dodging
 - Level 2.2 Stealth
 + Level 6.4 Shields
 + Level 11.7 Spellcasting
 + Level 14.1 Conjurations
 - Level 10.2 Summonings
 - Level 14.0 Ice Magic
 - Level 6.4 Air Magic
 * Level 20.5 Earth Magic


You had one spell level left.
You knew the following spells:

 Your Spells              Type           Power      Damage    Failure   Level
a - Lehudib's Crystal Sp  Conj/Erth      29%        10d8      3%          8
b - Frozen Ramparts       Ice            100%       1d12      0%          3
c - Summon Ice Beast      Ice/Summ       63%        N/A       1%          4
d - Ozocubu's Armour      Ice            68%        N/A       0%          3
e - Shock                 Conj/Air       100%       1d9       0%          1
g - Summon Lightning Spi  Summ/Air       35%        N/A       1%          4
h - Freezing Cloud        Conj/Ice/Air   30%        6-21      1%          5
i - Iron Shot             Conj/Erth      29%        9d6       1%          6
j - Ozocubu's Refrigerat  Ice            34%        4d11      1%          7

Your spell library contained the following spells:

 Spells                   Type           Power      Damage    Failure   Level
 Maxwell's Capacitive Co  Air            14%        ∞         91%         8
 Fire Storm               Conj/Fire      15%        8d4       99%         9
 Freeze                   Ice            100%       1d11      0%          1
 Sandblast                Erth           100%       2d20      0%          1
 Summon Small Mammal      Summ           100%       N/A       0%          1
 Animate Skeleton         Necr           18%        N/A       1%          1
 Beastly Appendage        Tmut           18%        N/A       1%          1
 Corona                   Hex            9%         N/A       1%          1
 Foxfire                  Conj/Fire      100%       2x1d9     1%          1
 Pain                     Necr           36%        1d5       1%          1
 Sting                    Tmut/Pois      36%        1d4       1%          1
 Stone Arrow              Conj/Erth      100%       3d13      0%          3
 Lee's Rapid Deconstruct  Erth           32%        3d18*     0%          5
 Call Imp                 Summ           41%        N/A       1%          2
 Corpse Rot               Necr/Air       38%        N/A       1%          2
 Ensorcelled Hibernation  Hex/Ice        92%        N/A       1%          2
 Passwall                 Tmut/Erth      34%        N/A       1%          2
 Static Discharge         Conj/Air       41%        N/A       1%          2
 Call Canine Familiar     Summ           41%        N/A       1%          3
 Conjure Flame            Conj/Fire      31%        6-21      1%          3
 Dazzling Flash           Conj/Hex       62%        N/A       1%          3
 Inner Flame              Hex/Fire       9%         N/A       1%          3
 Summon Guardian Golem    Hex/Summ       25%        N/A       1%          3
 Swiftness                Air            29%        N/A       1%          3
 Airstrike                Air            14%        N/A       1%          4
 Animate Armour           Summ/Erth      100%       N/A       1%          4
 Hailstorm                Conj/Ice       68%        3d14      1%          4
 Ice Form                 Ice/Tmut       46%        N/A       1%          4
 Leda's Liquefaction      Hex/Erth       20%        N/A       1%          4
 Petrify                  Tmut/Erth      41%        N/A       1%          4
 Sticky Flame             Conj/Fire      31%        2d5       1%          4
 Bolt of Magma            Conj/Fire/Erth 22%        4d11      1%          5
 Fireball                 Conj/Fire      15%        3d8       1%          5
 Iskenderun's Battlesphe  Conj           52%        2d10      1%          5
 Lightning Bolt           Conj/Air       20%        1d35      1%          5
 Orb of Destruction       Conj           26%        9d10      1%          7
 Blink                    Tloc           18%        N/A       2%          2
 Wereblood                Tmut           9%         N/A       2%          2
 Metabolic Englaciation   Hex/Ice        23%        N/A       3%          5
 Spellforged Servitor     Conj/Summ      23%        N/A       3%          7
 Starburst                Conj/Fire      15%        6d6       5%          6
 Confusing Touch          Hex            9%         N/A       6%          3
 Tukima's Dance           Hex            9%         N/A       6%          3
 Vampiric Draining        Necr           9%         2d6       6%          3
 Shatter                  Erth           32%        3d26*     14%         9
 Simulacrum               Ice/Necr       23%        N/A       21%         6
 Animate Dead             Necr           4%         N/A       22%         4
 Dispel Undead            Necr           9%         3d8       22%         4
 Agony                    Necr           9%         N/A       52%         5
 Excruciating Wounds      Necr           4%         N/A       52%         5
 Polar Vortex             Ice            34%        N/A       83%         9
 Dispersal                Tloc           4%         N/A       98%         6
 Ignition                 Fire           4%         3d4       99%         8
 Sublimation of Blood     Necr           Unusable   N/A       N/A         2
 Statue Form              Tmut/Erth      Unusable   N/A       N/A         6

Dungeon Overview and Level Annotations

Branches:
Dungeon (15/15)            Temple (1/1) D:6            Lair (6/6) D:8
  Swamp (4/4) Lair:3        Snake (4/4) Lair:2        Slime (0/5) Lair:6
    Orc (2/2) D:10            Elf (0/3) Orc:2        Vaults (3/5) D:14
  Crypt (0/3) Vaults:3     Depths (0/5) D:15          IceCv (visited)

Altars:
Ashenzari
Cheibriados
Dithmenos
Elyvilon
Fedhas
Gozag
Hepliaklqana
Kikubaaqudgha
Makhleb
Nemelex Xobeh
Okawaru
Qazlal
Ru
Sif Muna
Trog
Uskayaw
Vehumet
Wu Jian
Xom
Yredelemnul
Zin
The Shining One
Jiyva

Shops:
Orc:2 !?[:   Snake:1 !:(*

Portals:
Trove: D:15 (give +5 fire dragon scales)

Annotations:
D:3 !grinder, Grinder
D:10 2 transporters
Lair:1 1 runed translucent door, voltaire321's ghost, novice DjGl
Lair:3 2 runed translucent doors, Lumuq's ghost, journeyman DDFi
Swamp:3 !mara, Mara
Snake:2 2 transporters, exclusion: orange crystal statue
Vaults:1 3 runed translucent doors, DocEon's ghost, adept PaFi; LordUnchemael's ghost, adept SpAr


Innate Abilities, Weirdness & Mutations

You are immune to sickness and miasma.
Your stone body is resilient. (AC +15)
You are immune to poison.
Your large and strong wings let you fly.
You resist negative energy. (rN+)
You are resistant to electric shocks. (rElec)
You are resistant to unholy torment.
You are immune to petrification.
Armour fits poorly on your strangely shaped body.
You are frail. (-10% HP)
[Your spells are easier to cast, but less powerful.]


Message History

The wall freezes the hell hog.
A chorus of shrieks assaults your mind.
* * * LOW HITPOINT WARNING * * *
You hear an angry growl.
Blink to where?
Press: ? - help, Dir - move target, p - hell hog Your frozen ramparts will break if you move.
Continue?
The frozen ramparts melt away as you move.
As you read the scroll of blinking, it crumbles to dust.
The hell hog breathes fire at you.
The fireball explodes!
The fireball engulfs you!
* * * LOW HITPOINT WARNING * * *
You cannot drink potions in your current state!
A chorus of shrieks assaults your mind.
* * * LOW HITPOINT WARNING * * *
Okay, then.
Okay, then.
Casting: Ozocubu's Refrigeration (dangerous; 1% risk of failure)
Confirm with . or Enter, or press ? or * to list all spells.
You feel a surge of power!
The heat is drained from your surroundings.
You feel very cold.
The starcursed masses and the hell hog are frozen.
The starcursed mass is moderately damaged.
The starcursed mass is severely damaged.
You kill the hell hog!
That felt strangely unrewarding.
Vehumet accepts your kill.
You feel your power returning.
You destroy the starcursed mass!
That felt strangely unrewarding.
Vehumet accepts your kill.
You feel your power returning.
The starcursed mass shudders and withdraws towards its neighbour. x3
A chaos spawn comes into view.
A starcursed mass splits.
A starcursed mass splits.
The hell hog breathes fire at you.
The fireball explodes!
The fireball engulfs you!
You die...

### . # .##..#... . #.
##.........## .#
##.#.##..#....#..#..#.##
.......#...#.#... .#..*
#@##.##..## ...
###.#.#.....##.###
#...h#...X..†§# #.##
#.4#.#.X#..h..##..##.
...#..####X##.#..#.##. X
.##...h #X#. #..###...X
..###. .##X# ..## #.#. .
. h.#.#### #. .#
.....h.##.### X#. #


You could see 4 starcursed masses and a hell hog (catching breath).

Vanquished Creatures
  the Lernaean hydra (Swamp:4)
  3 liches
  2 thorn hunters (Swamp:3)
  A fenstrider witch (Swamp:1)
  2 nagarajas
  An orc warlord (Vaults:1)
  Louise (Snake:3)
  7 ironbound preservers
  2 ancient champions (Vaults:3)
  Aizul (Snake:4)
  A sphinx (Vaults:2)
  3 very ugly things (Vaults:1)
  3 tentacled starspawn (Abyss:3)
  6 dire elephants
  A bunyip (Swamp:4)
  4 vault wardens (Vaults:2)
  A ghoul (Vaults:3)
  2 eleionomae
  A stone giant (Vaults:3)
  2 shambling mangroves (Swamp:3)
  4 ironbound thunderhulks
  Fannar (Lair:1)
  2 ice dragons (IceCv)
  2 great orbs of eyes
  5 hydras
  5 vault guards
  3 ironbound frosthearts
  2 boulder beetles
  2 ghost crabs (Swamp:2)
  8 naga warriors
  A death knight (D:7)
  A two-headed ogre (D:10)
  6 anacondas
  3 death yaks (Lair:6)
  4 alligators
  5 yaktaur captains
  11 centaur warriors
  A tengu warrior (D:14)
  3 orc high priests (Orc:2)
  2 removed ironbound beastmasters (Vaults:1)
  7 naga sharpshooters
  4 shock serpents
  A fire crab (Lair:6)
  A thrashing horror (Abyss:3)
  A hell hog (Abyss:3)
  4 goliath frogs
  A wretched star (Abyss:3)
  3 salamander mystics (Snake:4)
  A sea snake (Snake:1)
  2 ghosts (Vaults:1)
  26 deep trolls
  2 spriggan druids
  A bog body (Swamp:3)
  2 death drakes (Swamp:3)
  3 naga ritualists (Snake:4)
  5 wizards
  6 swamp dragons
  6 lindwurms
  A phantasmal warrior (Vaults:3)
  3 harpies
  4 large abominations
  A mana viper (Snake:1)
  5 orc knights
  6 ironbound convokers
  A necromancer (D:15)
  6 orc sorcerers
  A cyclops (D:12)
  27 ugly things
  3 deep elf pyromancers
  26 black mambas
  4 will-o-the-wisps
  5 elephants (Lair:4)
  A manticore (D:12)
  2 ice statues (IceCv)
  11 salamanders
  15 guardian serpents
  16 naga magi
  6 vault sentinels
  A torpor snail (Lair:6)
  A smoke demon (Abyss:3)
  3 cane toads
  3 unseen horrors
  Psyche (D:11)
  An efreet (D:13)
  An ancient zyme (Abyss:3)
  5 komodo dragons
  22 yaktaurs
  2 tengu conjurers
  2 trolls (D:13)
  2 meliai (Lair:5)
  A queen bee (Lair:5)
  5 hornets (Swamp:3)
  2 dream sheep
  3 tyrant leeches
  A meliai zombie (D:15)
  16 slime creatures
  3 raiju (Abyss:3)
  11 blink frogs
  2 shadows
  A vampire (D:11)
  Sigmund (D:3)
  A ynoxinul (Abyss:2)
  A human (D:14)
  2 wraiths
  13 yaks
  4 spriggans
  A hog (D:14)
  Grum (D:11)
  3 basilisks
  2 neqoxecs
  6 vampire mosquitoes
  4 swamp worms (Swamp:3)
  30 nagas
  An acid dragon (D:5)
  16 water moccasins
  3 swamp drakes
  12 ice beasts
  8 orc warriors
  A sky beast (D:6)
  2 centaurs (D:6)
  A necrophage (Swamp:4)
  11 wolves
  An ogre (D:2)
  2 phantoms
  A kobold brigand (D:6)
  5 bullfrogs
  A komodo dragon zombie (Lair:4)
  A water moccasin zombie (D:5)
  3 water moccasin skeletons
  A wyvern skeleton (D:6)
  19 killer bees
  An electric eel (Orc:1)
  4 wights
  A nameless horror (D:6)
  4 small abominations
  A bullfrog zombie (D:5)
  5 centaur zombies
  2 starcursed masses (Abyss:3)
  A quasit (Abyss:2)
  3 hounds
  12 orc priests
  A bullfrog skeleton (D:4)
  4 jellies
  Ijyb (D:5)
  2 iguanas
  14 orc wizards
  2 howler monkey zombies (D:7)
  10 adders
  A shadow imp (D:6)
  4 white imps
  2 ufetubi (D:5)
  8 worms
  4 dart slugs
  32 orcs
  6 bats
  7 endoplasms
  4 giant cockroaches
  10 goblins
  7 hobgoblins
  12 jackals
  5 quokkas
  10 ball pythons
  5 frilled lizards
  15 kobolds
  A quokka zombie (D:2)
  9 rats
  4 briar patches (Swamp:3)
  A starspawn tentacle (Abyss:3)
798 creatures vanquished.

Vanquished Creatures (collateral kills)
  Rupert (Lair:5)
  Kirke (D:14)
  4 nagarajas
  A thorn hunter (Swamp:1)
  A fenstrider witch (Swamp:3)
  A rockslime (Lair:6)
  A ghoul (Swamp:4)
  2 bunyips
  Snorg (D:14)
  An ironbound preserver (Vaults:2)
  3 eleionomae
  3 naga warriors
  A boulder beetle (D:14)
  Harold (D:9)
  A vault guard (D:14)
  17 hydras
  3 ironbound frosthearts
  6 anacondas
  4 centaur warriors
  3 alligators
  A yaktaur captain (Vaults:2)
  3 two-headed ogres
  2 shock serpents
  5 spriggans (Swamp:2)
  3 naga sharpshooters
  A vampire mage (Abyss:3)
  A sea snake (Snake:1)
  6 goliath frogs
  A shadow wraith (Abyss:3)
  4 naga ritualists
  4 bog bodies
  2 deep trolls
  2 swamp dragons
  An ironbound convoker (Vaults:2)
  A necromancer (Lair:4)
  A harpy (Vaults:2)
  2 orc knights (Orc:1)
  A deep elf pyromancer (D:11)
  5 orc sorcerers
  7 ugly things
  A wolf spider (D:14)
  7 mana vipers
  A cyclops (D:15)
  2 manticores
  4 salamanders
  4 oklob plants (Lair:2)
  3 will-o-the-wisps
  Joseph (D:9)
  An elephant (Lair:4)
  2 guardian serpents (Snake:4)
  A torpor snail (Lair:1)
  4 naga magi
  22 black mambas
  9 cane toads
  5 rime drakes
  3 yaktaurs
  8 komodo dragons
  6 tyrant leeches
  2 trolls
  A jumping spider (shapeshifter) (D:15)
  5 polar bears
  8 hornets
  A meliai (Lair:5)
  22 blink frogs
  6 dream sheep
  12 slime creatures
  A centaur simulacrum (D:15)
  21 yaks
  3 wyverns
  4 hogs (D:14)
  A human (shapeshifter) (D:13)
  5 basilisks
  14 vampire mosquitoes
  Edmund (D:5)
  3 wargs
  12 swamp worms
  An acid dragon (D:12)
  8 water moccasins
  19 nagas
  5 swamp drakes
  2 black bears
  13 orc warriors
  4 ice beasts (IceCv)
  2 elephant zombies (Lair:4)
  4 ogres
  3 necrophages
  7 wolves
  2 centaurs
  A komodo dragon zombie (Lair:4)
  5 bullfrogs
  7 killer bees (Lair:5)
  4 wights
  2 howler monkeys (D:9)
  11 electric eels
  3 centaur zombies
  4 crimson imps (D:10)
  5 starcursed masses (Abyss:3)
  3 jellies
  3 orc priests
  8 orc wizards
  A killer bee zombie (D:7)
  3 howler monkey zombies
  8 white imps (D:14)
  18 orcs
  3 endoplasms (Lair:6)
  A lurking horror (Abyss:3)
475 creatures vanquished.

Vanquished Creatures (others)
  4 bloated husks
  A human (D:14)
  A white imp (D:14)
  3 briar patches (Swamp:2)
  60 foxfires
  49 fungi
  83 plants
  9 starspawn tentacles (Abyss:3)
  2 withered plants (Lair:1)
212 creatures vanquished.

Grand Total: 1485 creatures vanquished

Notes
Turn   | Place    | Note
-------+----------+-------------------------------------------
     0 | D:1      | a3don the Gargoyle Ice Elementalist began the quest for the
                  | Orb.
     0 | D:1      | Reached XP level 1. HP: 10/10 MP: 3/3
   290 | D:1      | Reached XP level 2. HP: 14/15 MP: 3/5
   333 | D:1      | Upgraded the game from 0.27-a0-1065-ge809cff456 to
                  | 0.27-a0-1071-ga85bd9520d
   926 | D:1      | Reached XP level 3. HP: 19/19 MP: 4/6
   950 | D:1      | Learned a level 3 spell: Frozen Ramparts
  1716 | D:2      | Found a faded altar of an unknown god.
  2009 | D:2      | Reached skill level 1 in Fighting
  2009 | D:2      | Reached skill level 5 in Ice Magic
  2090 | D:2      | Reached XP level 4. HP: 23/25 MP: 3/7
  2879 | D:2      | Noticed an ogre
  2901 | D:2      | Killed an ogre
  2902 | D:2      | Reached XP level 5. HP: 30/31 MP: 3/8
  3293 | D:2      | Reached XP level 6. HP: 27/36 MP: 9/9
  3468 | D:2      | Learned a level 4 spell: Summon Ice Beast
  3657 | D:3      | Noticed Sigmund
  3669 | D:3      | Killed Sigmund
  3670 | D:3      | Reached skill level 1 in Summonings
  4257 | D:3      | Reached XP level 7. HP: 41/41 MP: 10/10
  4662 | D:3      | Noticed Grinder
  4683 | D:3      | Paralysed by Grinder for 4 turns
  4695 | D:3      | HP: 2/41 [something (10)]
  4703 | D:3      | Paralysed by Grinder for 3 turns
  5510 | D:4      | Found a hide-covered altar of Uskayaw.
  6298 | D:5      | Entered Level 5 of the Dungeon
  6623 | D:5      | Noticed Ijyb
  6629 | D:5      | Killed Ijyb
  6756 | D:5      | Reached XP level 8. HP: 43/48 MP: 12/12
  7197 | D:5      | Noticed Edmund
  7204 | D:5      | Killed Edmund
  7289 | D:5      | Reached skill level 1 in Armour
  9028 | D:6      | Reached skill level 5 in Fighting
  9028 | D:6      | Reached XP level 9. HP: 54/54 MP: 14/14
  9128 | D:6      | Found a staircase to the Ecumenical Temple.
  9206 | Temple   | Entered the Ecumenical Temple
  9299 | Temple   | Became a worshipper of Vehumet
  9603 | D:6      | Reached skill level 5 in Summonings
 10061 | D:6      | Found a blossoming altar of Fedhas.
 10151 | D:7      | Found a sparkling altar of Nemelex Xobeh.
 10153 | D:7      | Found a glowing golden altar of the Shining One.
 10155 | D:7      | Found a broken altar of Ashenzari.
 10244 | D:7      | Noticed a deep elf pyromancer
 10262 | D:7      | Killed a deep elf pyromancer
 10577 | D:7      | Killed an unseen horror
 10592 | D:7      | Noticed a two-headed ogre
 10722 | D:6      | Upgraded the game from 0.27-a0-1071-ga85bd9520d to
                  | 0.27-a0-1081-ge8a0a9c698
 10732 | D:6      | Killed a two-headed ogre
 10733 | D:6      | Reached XP level 10. HP: 6/60 MP: 14/16
 11104 | D:6      | Learned a level 3 spell: Ozocubu's Armour
 11106 | D:6      | Learned a level 1 spell: Shock
 11213 | D:7      | Noticed a death knight
 11220 | D:7      | Killed a death knight
 11269 | D:7      | Reached * piety under Vehumet
 11269 | D:7      | Offered knowledge of Sandblast by Vehumet.
 11270 | D:7      | Reached skill level 1 in Conjurations
 11276 | D:7      | Learned a level 1 spell: Sandblast
 11660 | D:7      | Reached skill level 1 in Earth Magic
 11814 | D:7      | Reached skill level 1 in Air Magic
 12493 | D:8      | Found a staircase to the Lair.
 12709 | D:8      | Found a sacrificial altar of Ru.
 12755 | D:8      | Reached skill level 2 in Earth Magic
 12762 | D:8      | Reached skill level 5 in Armour
 13100 | D:8      | Found an iron altar of Okawaru.
 13154 | Lair:1   | Entered Level 1 of the Lair of Beasts
 13160 | Lair:1   | Noticed a torpor snail
 13164 | Lair:1   | Reached skill level 5 in Spellcasting
 13181 | Lair:1   | Killed a torpor snail
 13182 | Lair:1   | Reached skill level 10 in Ice Magic
 13182 | Lair:1   | Reached skill level 3 in Earth Magic
 13344 | Lair:1   | Noticed an eight-headed hydra
 13354 | Lair:1   | Killed an eight-headed hydra
 13355 | Lair:1   | Reached XP level 11. HP: 61/66 MP: 3/18
 13678 | Lair:1   | Found a runed translucent door.
 13685 | Lair:1   | Noticed voltaire321's ghost (novice DjGl)
 13796 | Lair:1   | Identified the ring of Qopiuv {rPois rC+ EV+4 Slay-6}
 13938 | Lair:1   | You fall into a shaft and drop 1 floor!
 14042 | Lair:2   | Noticed an oklob plant
 14147 | Lair:2   | Found a staircase to the Snake Pit.
 14469 | Lair:2   | Reached ** piety under Vehumet
 14526 | Lair:2   | Offered knowledge of Foxfire by Vehumet.
 15186 | Lair:2   | Reached skill level 4 in Earth Magic
 15450 | Lair:1   | Noticed Fannar
 15514 | Lair:1   | Killed Fannar
 16648 | Lair:2   | Noticed an oklob plant
 16659 | Lair:2   | Killed an oklob plant
 16675 | Lair:2   | Killed an oklob plant
 16676 | Lair:2   | Noticed an oklob plant
 16889 | Lair:2   | Killed an oklob plant
 17128 | Lair:2   | Noticed an oklob plant
 17427 | Lair:2   | Killed an oklob plant
 17428 | Lair:2   | Reached skill level 5 in Earth Magic
 17428 | Lair:2   | Reached XP level 12. HP: 57/72 MP: 16/21
 17516 | Lair:3   | Found a large runed translucent door.
 17519 | Lair:3   | Found a large runed translucent door.
 17519 | Lair:3   | Noticed Lumuq's ghost (journeyman DDFi)
 17760 | Lair:3   | Noticed a seven-headed hydra
 17767 | Lair:3   | Killed a seven-headed hydra
 17988 | Lair:3   | Reached skill level 6 in Earth Magic
 18190 | Lair:3   | Offered knowledge of Inner Flame by Vehumet.
 18543 | Lair:3   | Found a staircase to the Swamp.
 19080 | Lair:4   | Reached skill level 5 in Conjurations
 19081 | Lair:4   | Reached *** piety under Vehumet
 19083 | Lair:4   | Reached skill level 5 in Dodging
 19089 | Lair:4   | Reached skill level 7 in Earth Magic
 19421 | Lair:4   | Found a gate leading to a gauntlet.
 19641 | Lair:4   | Learned a level 4 spell: Summon Lightning Spire
 19733 | Lair:4   | Offered knowledge of Ignite Poison by Vehumet.
 19740 | Lair:4   | Reached skill level 8 in Earth Magic
 19814 | Lair:4   | You fall into a shaft and drop 1 floor!
 19968 | Lair:5   | Reached XP level 13. HP: 79/79 MP: 22/22
 20276 | Lair:5   | Noticed Rupert
 20282 | Lair:5   | Paralysed by Rupert for 2 turns
 20295 | Lair:5   | Killed Rupert
 20363 | Lair:5   | Reached skill level 9 in Earth Magic
 20678 | Lair:5   | Reached **** piety under Vehumet
 21024 | Lair:5   | Identified the +4 executioner's axe of Futuf {freeze,
                  | Contam Drain Fly rPois}
 21101 | Lair:5   | Offered knowledge of Yara's Violent Unravelling by Vehumet.
 22237 | Lair:4   | Reached skill level 5 in Air Magic
 22911 | Lair:6   | Entered Level 6 of the Lair of Beasts
 23117 | Lair:6   | Found a staircase to the Slime Pits.
 23128 | Lair:6   | Reached ***** piety under Vehumet
 23276 | Lair:6   | Offered knowledge of Sticky Flame by Vehumet.
 23511 | Lair:6   | Reached skill level 10 in Earth Magic
 24168 | Lair:6   | Identified the Almanac of Torrid Transmutation
 24395 | Lair:6   | Noticed a rockslime
 24404 | Lair:6   | Noticed a rockslime
 24405 | Lair:6   | Noticed an acid blob
 24409 | Lair:6   | Killed a rockslime
 24410 | Lair:6   | Gained mutation: Your large and strong wings let you fly.
                  | [Gargoyle growth]
 24410 | Lair:6   | Reached XP level 14. HP: 22/87 MP: 8/23
 24417 | Lair:6   | Noticed a rockslime
 24688 | Swamp:1  | Entered Level 1 of the Swamp
 24934 | Swamp:1  | Noticed a thorn hunter
 24943 | Swamp:1  | Killed a thorn hunter
 25127 | Swamp:1  | Learned a level 4 spell: Hailstorm
 25168 | Swamp:1  | Reached skill level 11 in Earth Magic
 25459 | Swamp:1  | Noticed a fenstrider witch
 25491 | Swamp:1  | Killed a fenstrider witch
 25492 | Swamp:1  | Reached skill level 10 in Fighting
 27387 | Snake:1  | Entered Level 1 of the Snake Pit
 27468 | Snake:1  | Reached skill level 1 in Shields
 27890 | Snake:1  | Found Iqasaghege's Book Boutique.
 27891 | Snake:1  | Found Yculacid's Assorted Antiques.
 27891 | Snake:1  | Found Ofoen's Distillery.
 27896 | Snake:1  | Bought a book of Geomancy for 665 gold pieces
 27900 | Snake:1  | Learned a level 3 spell: Stone Arrow
 27900 | Snake:1  | Found Wemesm's Weapon Shop.
 27909 | Snake:1  | Bought a potion of heal wounds for 65 gold pieces
 27949 | Snake:1  | Offered knowledge of Freezing Cloud by Vehumet.
 28016 | Snake:1  | Identified the +2 helmet of Courage {rN+ rCorr}
 28387 | Snake:1  | Reached skill level 12 in Earth Magic
 28938 | Snake:1  | Bought a potion of heal wounds for 65 gold pieces
 29048 | Snake:1  | Identified a scroll of acquirement
 29048 | Snake:1  | Acquired a staff of earth
 29089 | Snake:2  | Noticed a nagaraja
 29109 | Snake:2  | Killed a nagaraja
 29902 | Snake:2  | Found a transporter.
 30007 | Snake:2  | Noticed a nagaraja
 30021 | Snake:2  | Killed a nagaraja
 30057 | Snake:2  | Found the +7 mace of Variability {chain chaos}
 30057 | Snake:2  | Found a transporter.
 30209 | Snake:2  | Reached XP level 15. HP: 48/93 MP: 0/24
 31338 | Snake:3  | Reached skill level 13 in Earth Magic
 31941 | Snake:3  | Noticed Louise
 31942 | Snake:3  | Upgraded the game from 0.27-a0-1081-ge8a0a9c698 to
                  | 0.27-a0-1084-g78b3836a5f
 33153 | Swamp:1  | Learned a level 5 spell: Freezing Cloud
 33377 | Swamp:1  | Upgraded the game from 0.27-a0-1084-g78b3836a5f to
                  | 0.27-a0-1090-gb115f176c6
 33842 | Swamp:2  | Noticed a thorn hunter
 34628 | D:9      | Noticed Joseph
 34638 | D:9      | Killed Joseph
 34772 | D:9      | Noticed Harold
 34780 | D:9      | Killed Harold
 36089 | D:10     | Entered Level 10 of the Dungeon
 36149 | D:10     | Found a transporter.
 36149 | D:10     | Found a transporter.
 36312 | D:10     | Found a viscous altar of Jiyva.
 36644 | D:10     | Found a shimmering altar of Xom.
 36845 | D:10     | Found a staircase to the Orcish Mines.
 37349 | D:11     | Noticed Psyche
 37357 | D:11     | Killed Psyche
 37954 | D:11     | Noticed Grum
 37964 | D:11     | Killed Grum
 39166 | D:12     | Identified the Tome of the Entourage and the Compass
 39753 | D:13     | Reached skill level 10 in Summonings
 39832 | D:13     | Acquired 950 gold pieces
 40521 | Snake:1  | Bought the Almanac of the Frigorific Rocks for 1352 gold
                  | pieces
 40796 | Orc:1    | Entered Level 1 of the Orcish Mines
 41305 | Orc:1    | Reached skill level 14 in Earth Magic
 42106 | Orc:2    | Entered Level 2 of the Orcish Mines
 42492 | Orc:2    | Found a staircase to the Elven Halls.
 42553 | Orc:2    | Offered knowledge of Orb of Destruction by Vehumet.
 42981 | Orc:2    | Reached skill level 10 in Conjurations
 43081 | Orc:2    | Reached XP level 16. HP: 98/99 MP: 5/26
 43218 | Orc:2    | Found Xehap's Book Shop.
 43225 | Orc:2    | Found Mehak's Magic Scroll Shoppe.
 43235 | Orc:2    | Bought 2 scrolls of identify for 56 gold pieces
 43235 | Orc:2    | Found Ugoa's Distillery.
 43237 | Orc:2    | Found Oriwaf's Antique Armour Shop.
 43248 | Orc:2    | Bought a shimmering cloak for 323 gold pieces
 43248 | Orc:2    | Identified the +0 cloak "Koimy" {Rampage Will- rCorr
                  | Slay+3} (You bought it in a shop on level 2 of the Orcish
                  | Mines)
 44980 | Swamp:3  | Noticed Mara
 44982 | Swamp:3  | Noticed a3don's illusion
 45334 | Swamp:3  | Noticed a fenstrider witch
 45344 | Swamp:3  | Killed a fenstrider witch
 45400 | Swamp:3  | Noticed a thorn hunter
 45411 | Swamp:3  | Killed a thorn hunter
 45580 | Swamp:3  | Offered knowledge of Spellforged Servitor by Vehumet.
 45581 | Swamp:3  | Reached skill level 1 in Axes
 46069 | Swamp:3  | Noticed a thorn hunter
 46080 | Swamp:3  | Killed a thorn hunter
 46099 | Swamp:3  | Noticed a3don's illusion
 46132 | Swamp:3  | Reached skill level 15 in Earth Magic
 46299 | Swamp:4  | Entered Level 4 of the Swamp
 46301 | Swamp:4  | Upgraded the game from 0.27-a0-1090-gb115f176c6 to
                  | 0.27-a0-1101-ge311f74bc8
 46710 | Swamp:4  | Reached ****** piety under Vehumet
 47334 | Swamp:4  | Noticed the 27-headed Lernaean hydra
 47346 | Swamp:4  | Killed the 27-headed Lernaean hydra
 47615 | Swamp:4  | Got a decaying rune of Zot
 48896 | D:14     | Noticed Kirke
 48903 | D:14     | Killed Kirke
 48979 | D:14     | Offered knowledge of Eringya's Noxious Bog by Vehumet.
 48981 | D:14     | Found a frozen archway.
 48986 | D:14     | Reached XP level 17. HP: 95/107 MP: 28/29
 48993 | IceCv    | Entered an ice cave
 49423 | IceCv    | HP: 1/108 [ice dragon (10)]
 49765 | IceCv    | Identified the ring "Syca" {rPois EV+4 Str+3}
 50055 | D:14     | HP: 4/108 [cloud of freezing vapour (10)]
 50693 | D:14     | Noticed Snorg
 50707 | D:14     | Killed Snorg
 51519 | D:14     | Found a gate to the Vaults.
 51620 | D:14     | Identified the -5 pair of gloves "Saowuyt" {rCorr}
 51714 | D:15     | Entered Level 15 of the Dungeon
 52205 | D:15     | Reached skill level 16 in Earth Magic
 52330 | D:15     | Learned a level 7 spell: Ozocubu's Refrigeration
 52398 | D:15     | Found a portal to a secret trove of treasure.
 52727 | D:15     | Paralysed by an orc sorcerer for 4 turns
 52804 | D:15     | Found a staircase to the Depths.
 53556 | Orc:2    | Upgraded the game from 0.27-a0-1101-ge311f74bc8 to
                  | 0.27-a0-1105-g946c659c87
 53834 | Snake:3  | Killed Louise
 55167 | Snake:4  | Entered Level 4 of the Snake Pit
 55171 | Snake:4  | Offered knowledge of Conjure Ball Lightning by Vehumet.
 55780 | Snake:4  | Noticed Aizul
 55786 | Snake:4  | Killed Aizul
 56137 | Snake:4  | Reached XP level 18. HP: 114/114 MP: 15/31
 56201 | Snake:4  | Reached skill level 5 in Axes
 56557 | Snake:4  | Reached skill level 17 in Earth Magic
 58080 | Snake:4  | Got a serpentine rune of Zot
 58149 | Snake:4  | Learned a level 6 spell: Iron Shot
 58434 | Vaults:1 | Entered Level 1 of the Vaults
 58784 | Vaults:1 | Reached skill level 18 in Earth Magic
 59126 | Vaults:1 | Reached skill level 10 in Spellcasting
 59471 | Vaults:1 | Found a runed translucent gate.
 59471 | Vaults:1 | Found a runed translucent gate.
 59471 | Vaults:1 | Found an ancient bone altar of Kikubaaqudgha.
 59471 | Vaults:1 | Noticed a lich
 59471 | Vaults:1 | Noticed LordUnchemael's ghost (adept SpAr)
 59471 | Vaults:1 | Noticed a lich
 59472 | Vaults:1 | Found a runed translucent gate.
 59472 | Vaults:1 | Noticed a dread lich
 59472 | Vaults:1 | Noticed DocEon's ghost (adept PaFi)
 59512 | Vaults:1 | Offered knowledge of Chain Lightning by Vehumet.
 59732 | Vaults:1 | HP: 1/116 [ironbound frostheart (35)]
 59736 | Vaults:1 | Killed a lich
 60034 | Vaults:1 | Upgraded the game from 0.27-a0-1105-g946c659c87 to
                  | 0.27-a0-1591-gc56fcc985a
 60110 | Vaults:1 | Killed a lich
 60224 | Vaults:1 | Upgraded the game from 0.27-a0-1591-gc56fcc985a to
                  | 0.28-a0-97-g102d6777a4
 60284 | Vaults:1 | Reached skill level 19 in Earth Magic
 60284 | Vaults:1 | Upgraded the game from 0.28-a0-97-g102d6777a4 to
                  | 0.28-a0-1447-ga5a8893891
 60448 | Vaults:1 | Reached XP level 19. HP: 122/122 MP: 21/33
 60606 | Vaults:1 | Acquired 723 gold pieces
 62159 | Vaults:2 | Reached skill level 5 in Shields
 62602 | Vaults:2 | Paralysed by a sphinx for 2 turns
 62610 | Vaults:2 | Offered knowledge of Lehudib's Crystal Spear by Vehumet.
 62610 | Vaults:2 | Offered knowledge of Fire Storm by Vehumet.
 62610 | Vaults:2 | Offered knowledge of Maxwell's Capacitive Coupling by
                  | Vehumet.
 62611 | Vaults:2 | Reached skill level 20 in Earth Magic
 63040 | Vaults:2 | Reached skill level 15 in Fighting
 63292 | Vaults:2 | Learned a level 8 spell: Lehudib's Crystal Spear
 64198 | Vaults:3 | Found a staircase to the Crypt.
 64223 | Vaults:3 | Reached XP level 20. HP: 65/129 MP: 35/35
 64368 | Vaults:3 | Identified the +4 rapier "Demonbane" {flame, +Blink rF-
                  | Dex+4}
 64443 | Vaults:3 | Cast into level 2 of the Abyss (a wizard)
 64443 | Abyss:2  | Found a corrupted altar of Lugonu.
 64509 | Abyss:2  | Gained mutation: Armour fits poorly on your strangely
                  | shaped body. [a neqoxec]
 64520 | Abyss:2  | Gained mutation: You are frail. (-10% HP) [a neqoxec]
 64888 | Abyss:3  | Paralysed by accursed screaming for 1 turns
 64920 | Abyss:3  | HP: 3/116 [starcursed mass/accursed screaming (8)]
 64924 | Abyss:3  | Killed from afar by a hell hog

Illustrated notes

Levels and vault maps discovered:
D:1:      matt_arrival_diagonals, layout_basic
D:2:      minmay_razor_zed, layout_basic, hellmonk_ecumenical_altar_dog_temple,
          minmay_divided_ellipse
D:3:      layout_basic, corner_web_ring, uniq_grinder, uniq_sigmund
D:4:      layout_loops_cross, eat_drink_and_be_merry_uskayaw
D:5:      layout_loops_ring, minmay_misc_feat_chi,
          amcnicky_mini_rare_corridor_liquid, minivault_4, uniq_ijyb,
          uniq_edmund
D:6:      layout_loops_ring, fedhas_altar_4, minmay_temple_entry_water_ring,
          lexackson_kobold_supper
D:7:      layout_basic, grunt_temple_overflow_open, minmay_the_grid_2x2
          [minmay_the_grid_tree, minmay_the_grid_eight,
          minmay_the_grid_odd_star, minmay_the_grid_prize_inner_circle]
D:8:      layout_rooms, lemuel_round_altar, lemuel_tele_altar,
          david_lair_generic
D:9:      layout_stronghold, uniq_harold, uniq_joseph
D:10:     gammafunk_jiyva_shrine, layout_basic, led_xom_imps,
          kennysheep_generic_room_13
D:11:     layout_irregular_city, uniq_psyche, uniq_grum
D:12:     layout_roguey
D:13:     layout_loops_corners
D:14:     layout_cross, grunt_vaults_entry_fortified,
          kennysheep_cross_bottleneck, portal_ice_cave_entry_imps, uniq_kirke,
          uniq_snorg
D:15:     grunt_enter_depths_magical_seal, layout_stronghold, enter_trove_2,
          amcnicky_mini_pool_small, minmay_misc_feat_diagonals
Temple:   jpeg_temple_clearing
Lair:1:   layout_roguey, gammafunk_ghost_grave, uniq_fannar
Lair:2:   layout_cave_pods, minmay_snake_entry_six_corridors,
          chequers_serial_rivers_room_a, minmay_lair_oklob_chamber
Lair:3:   layout_roguey, swamp_mist, ebering_ghost_disaster_area,
          grunt_forest_stairs_clearing, infiniplex_staircase_pool
Lair:4:   pond_and_an_island_with_a_cottage, layout_loops_ring,
          gauntlet_entry_generic, beast_lair_carwin_11, serial_bayou_shore_b
Lair:5:   layout_small_grid, special_room [special_room_bee],
          nicolae_volcano_entry_hallway, serial_bayou_shore_b, uniq_rupert
Lair:6:   evil_forest, layout_gridlike, minmay_slime_entry_pillars, special_room
          [special_room_jelly], patterned_corridor
Swamp:1:  layout_basic_swamp, nicolae_swamp_tree_designs, grunt_witch_cave
Swamp:2:  nicolae_swamp_long_stream, layout_basic_swamp,
          evilmike_swamp_ruin_house_5
Swamp:3:  nzn_winding_woodlands_small [nzn_winding_woodlands_5x15_lazy_stream,
          nzn_winding_woodlands_center_triple_pond,
          nzn_winding_woodlands_5x15_concentric], layout_basic_swamp,
          infiniplex_staircase_pool_2, uniq_mara
Swamp:4:  swamp_old_school, layout_basic_swamp
Snake:1:  layout_rooms, grunt_ministairs_6, serial_bayou_shore_a,
          minmay_shoptagon, grunt_megastairs_1
Snake:2:  gammafunk_sealed_arena, layout_cave_shapes, grunt_megastairs_5
Snake:3:  layout_gridlike, uniq_louise
Snake:4:  grunt_snake_rune_serpentine_throne, layout_cave_town, drop_trap,
          grunt_megastairs_4, uniq_aizul
Orc:1:    layout_caves, nicolae_orc_flooded_monolith
Orc:2:    st_orc_elflike, layout_caves
Vaults:1: gammafunk_vaults_ghost_crypt, nicolae_vaults_three_branches, v_misc_3,
          v_misc_3, v_misc_17, v_rooms_6, v_misc_5, nicolae_vaults_shelves_hall,
          vaults_room_stairs_pillars, grunt_vaults_diagonal,
          nicolae_vaults_diagonal_hallway_7, layout_vaults_omnigrid
Vaults:2: ontoclasm_vaults_ligature, hangedman_vaults_nails,
          vaults_room_hallway, hangedman_vaults_hat, grunt_vaults_swirl,
          vaults_standard_mumra_x, grunt_vaults_hallway_short, v_rooms_6,
          hangedman_vaults_impose, ontoclasm_vaults_gateway,
          ontoclasm_vaults_spin, hangedman_vaults_stretched_pinwheel,
          layout_vaults_big_room
Vaults:3: minmay_crypt_entry_simple_statues, hangedman_vaults_variations,
          hangedman_vaults_maws, minmay_guarded_unrand_secular_launcher,
          vaults_standard_mumra_enter_the_diamond, hangedman_vaults_trim,
          v_misc_18, v_pattern_3, vaults_room_door_ring, vaults_mumra_chevron,
          layout_vaults_maze_snakey
Abyss:3:  base: D:13, evilmike_abyss_exit_15, evilmike_abyss_exit_17,
          hangedman_abyss_shoalhut

Skill      XL: |  1  2  3  4  5  6  7  8  9 10 11 12 13 14 15 16 17 18 19 |
---------------+----------------------------------------------------------+-----
Fighting       | 1 2 3 4 5 6 7 8 9 10 11 12 13 14 15 | 15.2
Ice Magic      | 5 6 7 8 9 10 11 12 13 14 | 14.0
Summonings     | 1 3 4 6 7 8 9 10 | 10.2
Spellcasting   | 3 4 5 6 7 8 9 10 11 | 11.7
Armour         | 2 4 5 6 7 8 9 |  9.1
Dodging        | 2 3 4 5 |  5.0
Conjurations   | 2 4 5 7 8 10 11 13 14 | 14.1
Earth Magic    | 3 5 8 10 12 14 15 16 19 20 | 20.5
Air Magic      | 1 3 4 5 6 |  6.4
Shields        | 3 4 6 |  6.4
Axes           | 2 4 5 |  5.0
Stealth        | |  2.2

Action                   |  1- 3 |  4- 6 |  7- 9 | 10-12 | 13-15 | 16-18 | 19-21 || total
-------------------------+-------+-------+-------+-------+-------+-------+-------++-------
Melee: Dagger            |    14 |    80 |   329 |   185 |     7 |       |       ||   615
       Hand axe          |     6 |    17 |       |       |       |       |       ||    23
       Staff             |       |       |       |    68 |   185 |    73 |    62 ||   388
       War axe           |       |       |       |       |       |    78 |       ||    78
 Fire: Hunting sling     |     2 |    66 |   104 |       |       |       |       ||   172
Throw: Stone             |    60 |       |       |       |       |     2 |       ||    62
       Boomerang         |       |       |     1 |     8 |     4 |       |       ||    13
 Cast: Freeze            |    40 |    15 |    29 |    38 |    75 |    49 |       ||   246
       Frozen Ramparts   |     4 |     5 |    20 |    33 |    85 |    62 |    15 ||   224
       Summon Ice Beast  |       |       |    28 |   130 |   508 |   343 |    25 ||  1034
       Shock             |       |       |       |     7 |       |     4 |       ||    11
       Sandblast         |       |       |       |     4 |    17 |    11 |       ||    32
       Ozocubu's Armour  |       |       |       |    13 |    18 |     3 |       ||    34
       Summon Lightning  |       |       |       |       |    12 |     6 |     5 ||    23
       Stone Arrow       |       |       |       |       |    47 |    43 |       ||    90
       Hailstorm         |       |       |       |       |     5 |       |       ||     5
       Freezing Cloud    |       |       |       |       |    33 |   126 |    16 ||   175
       Ozocubu's Refrige |       |       |       |       |       |    46 |    39 ||    85
       Iron Shot         |       |       |       |       |       |    24 |   114 ||   138
       Lehudib's Crystal |       |       |       |       |       |       |    12 ||    12
Evoke: Wand              |       |       |     2 |     7 |    10 |     3 |       ||    22
  Use: Scroll            |       |       |     4 |    11 |    23 |    15 |     5 ||    58
       Potion            |       |       |       |     1 |     4 |     7 |     1 ||    13
 Stab: Sleeping          |       |     6 |     3 |     1 |       |       |       ||    10
       Distracted        |       |       |     2 |     3 |     9 |     6 |       ||    20
Armor: Robe              |    11 |    39 |    34 |       |       |       |       ||    84
       Acid dragon scale |       |       |   158 |   201 |   483 |   401 |    62 ||  1305
Dodge: Dodged            |    18 |    73 |   237 |   286 |   646 |   323 |    61 ||  1644
       Repelled          |       |       |       |       |       |    13 |     1 ||    14
Block: Buckler           |       |       |       |       |    75 |   124 |    38 ||   237

Table legend: (Time is in decaauts)
 A = Elapsed time spent in this place.
 B = Non-inter-level travel time spent in this place.
 C = Inter-level travel time spent in this place.
 D = Time resting spent in this place.
 E = Time spent auto-exploring this place.
 F = Levels seen in this place.
 G = Mean time per level.
                   A        B        C        D        E       F      G
               +--------+--------+--------+--------+--------+-----+--------+
         Total |  65253 |  62052 |   3201 |  24951 |  26169 |  38 | 1717.2 |
       Dungeon |  23411 |  22149 |   1262 |   7837 |  10861 |  15 | 1560.7 |
        Temple |    109 |     75 |     34 |      0 |     70 |   1 |  109.0 |
          Lair |  12558 |  11619 |    939 |   3791 |   5764 |   6 | 2093.0 |
         Swamp |   9683 |   9504 |    179 |   5810 |   2254 |   4 | 2420.8 |
     Snake Pit |   9431 |   8939 |    492 |   3766 |   3487 |   4 | 2357.8 |
  Orcish Mines |   2458 |   2311 |    147 |    474 |   1224 |   2 | 1229.0 |
        Vaults |   6058 |   5912 |    146 |   2656 |   2210 |   3 | 2019.3 |
         Abyss |    498 |    498 |      0 |    147 |      0 |   2 |  249.0 |
      Ice Cave |   1043 |   1043 |      0 |    470 |    298 |   1 | 1043.0 |
               +--------+--------+--------+--------+--------+-----+--------+

Top non-repeatable levels by time:
 Swamp:1: 4175 daAuts
  Lair:2: 3097 daAuts
Vaults:1: 2888 daAuts
 Snake:4: 2867 daAuts
Vaults:2: 2476 daAuts
 Swamp:4: 2302 daAuts
 Snake:1: 2277 daAuts
     D:5: 2257 daAuts
  Lair:5: 2221 daAuts
 Snake:3: 2167 daAuts
  Lair:3: 2157 daAuts
 Snake:2: 2118 daAuts
     D:2: 2026 daAuts
     D:6: 1921 daAuts
  Lair:4: 1905 daAuts
